 Dungeon Crawl Stone Soup version 0.29-a0-352-g0917bc69df (webtiles) character file.

Game seed: 6656801227844031099

2790 Enlil the Covert (level 9, 0/57 HPs)
             Began as a Vampire Enchanter on Apr 24, 2022.
             Killed by divine providence
             ... invoked by an orc priest
              (10 damage)
             ... on level 7 of the Dungeon.
             The game lasted 00:36:37 (6141 turns).

Enlil the Covert (Vampire Enchanter)                Turns: 6141, Time: 00:36:40

Health: 0/57       AC:  9    Str: 13    XL:     9   Next: 43%
Magic:  11/16      EV: 14    Int: 18    God:
Gold:   357        SH:  0    Dex: 14    Spells: 7/18 levels left

rFire   . . .      SeeInvis +   n - +0 short sword (venom)
rCold   + . .      Faith    .   (no shield)
rNeg    + . .      Spirit   .   e - +2 robe {rC+}
rPois   .          Reflect  .   s - +2 helmet "Dorchuat" {rElec rN+ Regen+}
rElec   +          Harm     .   (no cloak)
rCorr   +          Rampage  .   k - +0 pair of gloves
Will    .....                   m - +0 pair of boots
Stlth   ++++......              (no amulet)
HPRegen 1.19/turn               p - ring of resist corrosion
MPRegen 0.15/turn               (no ring)

@: mighty, confusing by touch, healing quickly
A: alive, fangs 3, see invisible, vampiric 2, mutation resistance 1, strong 1
a: Exsanguinate


You were on level 7 of the Dungeon.
You visited 1 branch of the dungeon, and saw 7 of its levels.

You collected 357 gold pieces.

Inventory:

Hand Weapons
 n - a +0 short sword of venom (weapon)
Armour
 a - a +0 chain mail of fire resistance
 e - a +2 robe of cold resistance (worn)
 k - a +0 pair of gloves (worn)
 m - a +0 pair of boots (worn)
 s - the +2 helmet "Dorchuat" (worn) {rElec rN+ Regen+}
   (You took it off Robin on level 2 of the Dungeon)

   rElec:     It insulates you from electricity.
   rN:        It protects you from negative energy.
   Regen:     It increases your rate of health regeneration.
 B - a +4 scale mail of poison resistance
Jewellery
 p - a ring of resist corrosion (left hand)
Wands
 u - a wand of charming (5)
Scrolls
 d - a scroll of fear
 g - a scroll of blinking
 j - 5 scrolls of teleportation
 v - a scroll of magic mapping
 x - 5 scrolls of identify
 y - a scroll of noise
Potions
 b - a potion of brilliance
 c - 2 potions of invisibility
 f - 2 potions of might
 h - 3 potions of mutation
 i - a potion of cancellation {unknown}
 o - a potion of lignification
 t - 2 potions of resistance


   Skills:
 + Level 5.8 Short Blades
 + Level 4.0 Armour
 + Level 6.2 Dodging
 + Level 9.5 Stealth
 + Level 5.2 Spellcasting
 + Level 8.9 Hexes


You had 7 spell levels left.
You knew the following spells:

 Your Spells              Type           Power      Damage    Failure   Level
a - Confusing Touch       Hex            36%        N/A       1%          3
b - Tukima's Dance        Hex            36%        N/A       1%          3
c - Dazzling Flash        Conj/Hex       40%        N/A       6%          3
d - Ensorcelled Hibernat  Hex/Ice        40%        N/A       3%          2

Your spell library contained the following spells:

 Spells                   Type           Power      Damage    Failure   Level
 Sandblast                Erth           8%         2d5       13%         1
 Passwall                 Tmut/Erth      3%         N/A       21%         2
 Anguish                  Hex/Necr       10%        N/A       21%         4
 Leda's Liquefaction      Hex/Erth       10%        N/A       21%         4
 Spider Form              Tmut/Pois      4%         N/A       36%         3
 Stone Arrow              Conj/Erth      8%         3d7       36%         3
 Lee's Rapid Deconstruct  Erth           2%         3d5*      98%         5
 Statue Form              Tmut/Erth      2%         N/A       100%        6


Dungeon Overview and Level Annotations

Branches:
Dungeon (7/15)             Temple (0/1) D:6

Altars:
Ashenzari
Dithmenos
Gozag
Kikubaaqudgha
Makhleb
Vehumet
Yredelemnul

Shops:
D:6 !


Innate Abilities, Weirdness & Mutations

Your natural rate of healing is accelerated.
You have razor-sharp teeth.
You have supernaturally acute eyesight. (SInv)
You are afflicted with vampirism and can become a bat while bloodless.
You are somewhat resistant to further mutation.
Your muscles are strong. (Str +2)


Message History

Things that are here:
a +0 mace; an orc corpse; a hound corpse You closely miss the orc priest.
The orc priest hits you but does no damage.
You hit the orc priest.
The orc priest is poisoned.
The orc priest is lightly wounded.
The orc priest hits you but does no damage.
You hit the orc priest.
The orc priest looks as sick as possible!
The orc priest is moderately wounded.
The orc priest barely misses you.
You hit the orc priest but do no damage.
The orc priest looks as sick as possible!
The orc priest is heavily wounded.
The orc priest calls down the wrath of Beogh upon you.
Beogh smites you! The orc priest barely misses you.
You hit the orc priest.
The orc priest looks as sick as possible!
The orc priest is severely wounded.
You hit the orc priest but do no damage.
The orc priest looks as sick as possible!
The orc priest is severely wounded.
The orc priest hits you with a +0 club.
Casting: Confusing Touch (safe; 1% risk of failure)
Confirm with . or Enter, or press ? or * to list all spells.
Your hands begin to glow red.
You kill the orc priest!
The orc priest invokes the aid of Beogh against you.
Beogh smites you!
* * * LOW HITPOINT WARNING * * *
You feel very mighty all of a sudden.
The orc priest hits you but does no damage.
The orc hits you but does no damage.
You barely miss the orc priest.
The orc priest hits you with a +0 hand axe.
* * * LOW HITPOINT WARNING * * *
The orc completely misses you.
The orc priest mumbles some strange prayers to Beogh against you.
Beogh smites you!
You die...

.# # .#.# .#.# .#.#
### ...#####
#######..# .......#
.#....#.## .#####.#
........# .# #.#
#########o...#..# .#
#.# #...@ooooo.......
<# #.#
#.#############.# #
.#####.# #.# .
.......# #.# #
#####..# #.# .......#
#.########
#####..######.).......
.............########.
.####..#####.#


You could see 3 orc priests, an orc wizard (invisible) and 2 orcs.

Vanquished Creatures
  Prince Ribbit (D:6)
  Eustachio (D:6)
  A steam dragon (D:7)
  Edmund (D:5)
  Menkaure (D:4)
  Duvessa (D:6)
  A water moccasin (D:7)
  2 black bears
  An ogre (D:7)
  A centaur (D:6)
  2 phantoms
  Blork the orc (D:5)
  2 bullfrogs
  A necrophage (D:5)
  A gnoll sergeant (D:7)
  10 wights
  Dowan (D:6)
  A howler monkey (D:6)
  4 hounds
  3 orc priests
  A centaur skeleton (D:4)
  3 iguanas
  Robin (D:2)
  3 gnolls (D:7)
  6 adders
  An ufetubus (D:6)
  3 dart slugs
  20 orcs
  4 ball pythons
  3 endoplasms
  6 giant cockroaches
  17 goblins
  6 hobgoblins
  4 jackals (D:2)
  6 kobolds
  A quokka (D:3)
  3 bats
  2 frilled lizards (D:2)
  A jackal skeleton (D:4)
  10 rats
138 creatures vanquished.

Vanquished Creatures (others)
  2 gnolls (D:7)
2 creatures vanquished.

Grand Total: 140 creatures vanquished

Notes
Turn   | Place    | Note
-------+----------+-------------------------------------------
     0 | D:1      | Enlil the Vampire Enchanter began the quest for the Orb.
     0 | D:1      | Reached XP level 1. HP: 13/13 MP: 3/3
   323 | D:1      | Found a faded altar of an unknown god.
   519 | D:1      | Reached XP level 2. HP: 19/19 MP: 5/5
   768 | D:2      | Gained mutation: You are afflicted with vampirism and can
                  | become a bat while bloodless. [Vampire growth]
   768 | D:2      | Reached XP level 3. HP: 21/24 MP: 6/6
   772 | D:2      | Learned a level 3 spell: Confusing Touch
   792 | D:2      | HP: 1/24 [orc/+0 flail (4)]
  1063 | D:2      | Found an opulent altar of Gozag.
  1234 | D:2      | Identified the +2 helmet "Dorchuat" {rElec rN+ Regen+}
  1234 | D:2      | Noticed Robin
  1253 | D:2      | Reached skill level 5 in Stealth
  1276 | D:2      | Killed Robin
  1277 | D:2      | Reached skill level 5 in Hexes
  1286 | D:2      | Reached XP level 4. HP: 8/30 MP: 7/7
  2038 | D:3      | Found a shadowy altar of Dithmenos.
  2038 | D:3      | Found a burning altar of Makhleb.
  2613 | D:4      | Found a transporter.
  2617 | D:4      | Found a transporter.
  2617 | D:4      | Found an ancient bone altar of Kikubaaqudgha.
  2622 | D:4      | Noticed Menkaure
  2644 | D:4      | Found a basalt altar of Yredelemnul.
  2651 | D:4      | Learned a level 3 spell: Tukima's Dance
  2731 | D:4      | Reached XP level 5. HP: 35/35 MP: 3/9
  2742 | D:4      | Killed Menkaure
  2743 | D:4      | Reached skill level 1 in Armour
  2743 | D:4      | Reached skill level 6 in Stealth
  2848 | D:4      | Noticed a phantom
  2857 | D:4      | Reached XP level 6. HP: 39/41 MP: 10/10
  3303 | D:4      | Found a broken altar of Ashenzari.
  3567 | D:5      | Entered Level 5 of the Dungeon
  3599 | D:5      | Reached XP level 7. HP: 46/46 MP: 10/12
  3740 | D:5      | Reached skill level 7 in Stealth
  3757 | D:5      | Gained mutation: Your muscles are strong. (Str +2) [potion
                  | of mutation]
  3757 | D:5      | Gained mutation: You have hidden genetic potential. [potion
                  | of mutation]
  3757 | D:5      | Lost mutation: You have hidden genetic potential. [potion
                  | of mutation]
  3757 | D:5      | Gained mutation: You are somewhat resistant to further
                  | mutation. [potion of mutation]
  4014 | D:5      | Noticed Blork the orc
  4023 | D:5      | Killed Blork the orc
  4049 | D:5      | Noticed Edmund
  4050 | D:5      | Found Xoexui's CLEARANCE SALE!.
  4072 | D:5      | Killed Edmund
  4416 | D:6      | Reached XP level 8. HP: 52/52 MP: 13/13
  4420 | D:6      | Learned a level 3 spell: Dazzling Flash
  4423 | D:6      | Learned a level 2 spell: Ensorcelled Hibernation
  4518 | D:6      | Noticed Eustachio
  4531 | D:6      | Killed Eustachio
  4532 | D:6      | Reached skill level 5 in Dodging
  4532 | D:6      | Reached skill level 8 in Stealth
  4814 | D:6      | Noticed Dowan
  4818 | D:6      | Killed Dowan
  4818 | D:6      | Noticed Duvessa
  4881 | D:6      | Killed Duvessa
  4980 | D:6      | Found a staircase to the Ecumenical Temple.
  5001 | D:6      | Reached skill level 5 in Short Blades
  5068 | D:6      | Found a radiant altar of Vehumet.
  5072 | D:6      | Noticed Prince Ribbit
  5098 | D:6      | Killed Prince Ribbit
  5099 | D:6      | Reached skill level 9 in Stealth
  5099 | D:6      | Reached XP level 9. HP: 32/57 MP: 14/16
  5598 | D:6      | Found Ubararra's Distillery.
  5889 | D:7      | Reached skill level 5 in Spellcasting
  6141 | D:7      | Killed from afar by an orc priest

Illustrated notes

Levels and vault maps discovered:
D:1:      onia_arrival_mini_spirals, layout_rooms,
          hellmonk_ecumenical_altar_heavens_door
D:2:      layout_basic, basic_altar, grunt_decor_one_mirror, uniq_robin
D:3:      layout_basic, gammafunk_temple_overflow_elements
D:4:      minmay_skewed_foursquare, layout_basic, gammafunk_temple_of_torment,
          nicolae_ashenzari_skybound
D:5:      layout_basic, nicolae_shop_clearance, uniq_edmund, uniq_blork_the_orc
D:6:      layout_basic, vehumet_crystals, minmay_temple_entry_arrows,
          portal_sewer_entry_b, serial_shops, kennysheep_mini,
          uniq_prince_ribbit1, uniq_eustachio, uniq_duvessa
D:7:      layout_loops_ring, mainiacjoe_overflow_alcove_4

Skill      XL: |  1  2  3  4  5  6  7  8  9 |
---------------+----------------------------+-----
Stealth        | 5 6 7 9 |  9.5
Short Blades   | 2 3 4 5 |  5.8
Hexes          | 5 6 7 8 |  8.9
Dodging        | 3 4 5 6 |  6.2
Armour         | 1 2 3 4 |  4.0
Spellcasting   | 3 4 5 |  5.2

Action                   |  1- 3 |  4- 6 |  7- 9 || total
-------------------------+-------+-------+-------++-------
Melee: Dagger            |    66 |       |       ||    66
       Bite              |    12 |    26 |    41 ||    79
       Short sword       |    61 |   161 |   282 ||   504
       Punch             |       |     1 |     5 ||     6
 Cast: Confusing Touch   |     1 |     4 |    24 ||    29
       Tukima's Dance    |       |       |     1 ||     1
Evoke: Wand              |       |     7 |    20 ||    27
  Use: Scroll            |     4 |       |     5 ||     9
       Potion            |     1 |     1 |    11 ||    13
 Stab: Sleeping          |     2 |     3 |     6 ||    11
       Confused          |     1 |     5 |    13 ||    19
Armor: Leather armour    |    47 |    27 |       ||    74
       Robe              |     1 |       |    79 ||    80
       Scale mail        |       |    37 |       ||    37
       Chain mail        |       |    39 |    53 ||    92
Dodge: Dodged            |    74 |    73 |   159 ||   306

Table legend: (Time is in decaauts)
 A = Elapsed time spent in this place.
 B = Non-inter-level travel time spent in this place.
 C = Inter-level travel time spent in this place.
 D = Time resting spent in this place.
 E = Time spent auto-exploring this place.
 F = Levels seen in this place.
 G = Mean time per level.
                   A        B        C        D        E       F      G
               +--------+--------+--------+--------+--------+-----+--------+
         Total |   6085 |   5968 |    117 |    545 |   3227 |   7 |  869.3 |
       Dungeon |   6085 |   5968 |    117 |    545 |   3227 |   7 |  869.3 |
               +--------+--------+--------+--------+--------+-----+--------+

Top non-repeatable levels by time:
     D:6: 1343 daAuts
     D:4: 1158 daAuts
     D:2: 954 daAuts
     D:3: 859 daAuts
     D:5: 831 daAuts
     D:1: 583 daAuts
     D:7: 354 daAuts
